 Dungeon Crawl Stone Soup version 0.31-a0-182-gc5ef74bbde (webtiles) character file.

Game seed: 14341959577751978923

725 qw the Chopper (level 7, 0/43 HPs)
             Began as a Gargoyle Fighter on June 20, 2023.
             Killed from afar by an electric eel (1 damage)
             ... with a bolt of electricity
             ... on level 6 of the Dungeon.
             The game lasted 00:02:08 (3495 turns).

qw the Chopper (Gargoyle Fighter)                   Turns: 3495, Time: 00:02:09

Health: 0/43       AC: 14    Str: 22    XL:     7   Next: 72%
Magic:  7/7        EV: 10    Int:  8    God:
Gold:   114        SH:  4    Dex:  9    Spells: 6/6 levels left

rFire   x . .        Y - +0 war axe (freeze)
rCold   . . .        c - +0 buckler
rNeg    + + .        b - +0 scale mail
rPois   inf          (no helmet)
rElec   +            l - +1 cloak
rCorr   +            e - +0 pair of gloves
SInv    .            (no boots)
Will    .....        (no amulet) Stlth
                     g - ring of Ypinawat {rF- rN+ rCorr Slay+2}
HPRegen 0.27/turn    (no ring)
MPRegen 0.10/turn

%: no passive effects
@: about to teleport, very slow
A: sickness immunity, AC +4, negative energy resistance 1, electricity
resistance, torment resistance 1, petrification resistance
a: no special abilities


You were on level 6 of the Dungeon.
You visited 1 branch of the dungeon, and saw 6 of its levels.

You collected 114 gold pieces.


Innate Abilities, Weirdness & Mutations

You are immune to sickness and miasma.
Your stone body is resilient. (AC +4)
You are immune to poison.
You resist negative energy. (rN+)
You are resistant to electric shocks. (rElec)
You are resistant to unholy torment.
You are immune to petrification.


   Skills:
 + Level 4.1 Fighting
 - Level 7.0 Axes
 - Level 3.2 Armour
 - Level 1.9 Dodging
 - Level 3.2 Shields


You had 6 spell levels left.
You didn't know any spells.
Your spell library was empty.

Inventory:

Hand Weapons
 k - a +0 hammer
 Y - a +0 war axe of freezing (weapon)
Armour
 b - a +0 scale mail (worn)
 c - a +0 buckler (worn)
 e - a +0 pair of gloves (worn)
 l - a +1 cloak (worn)
Jewellery
 g - the ring of Ypinawat (left hand) {rF- rN+ rCorr Slay+2}
   (You found it on level 2 of the Dungeon)

   [ring of resist corrosion]

   Slay:      It affects your accuracy & damage with ranged weapons and melee
   (+2).
   rF:        It makes you vulnerable to fire.
   rN:        It protects you from negative energy.
   rCorr:     It protects you from acid and corrosion.
Scrolls
 a - a scroll of torment {unknown}
 f - 2 scrolls of teleportation
 m - a scroll of noise {unknown}
Potions
 d - 3 potions of might
 h - a potion of curing {unknown}
 i - a potion of enlightenment {unknown}
 j - a potion of heal wounds {unknown}

Dungeon Overview and Level Annotations

Branches:
Dungeon (7/15)
 Temple: D:4-7

Altars:
Ashenzari

Annotations:
D:3 1 runed translucent door, Crazy Yiuf


Message History

A puff of flame appears from out of thin air!
The puff of flame misses you. The orc warrior closely misses you.
The orc hits you but does no damage.
The electric eel shoots out a bolt of lightning at you!
The bolt of electricity hits you. You resist.
You slash the orc warrior! You freeze the orc warrior.
You kill the orc warrior!
You slash something! You freeze something.
Reactivating autopickup.
You feel a bit more experienced.
You closely miss the orc. The orc completely misses you.
Your Axes skill increases to level 7!
You slash the orc! You freeze the orc.
You kill the orc!
The electric eel shoots out a bolt of lightning at you!
The bolt of electricity hits you. You resist.
The electric eel shoots out a bolt of lightning at you!
The bolt of electricity hits you but does no damage.
You resist.
You enter the shallow water.
Moving in this stuff is going to be slow.
You block something's attack.
Deactivating autopickup; reactivate with Ctrl-A.
The electric eel shoots out a bolt of lightning at you!
The bolt of electricity hits you. You resist.
You see here a +0 whip.
3494 ||| READING 3 scrolls of teleportation.
As you read the scroll of teleportation, it crumbles to dust.
You feel strangely unstable. Something hits you but does no damage.
The orc priest looks braver for a moment.
The electric eel shoots out a bolt of lightning at you!
The bolt of electricity hits you. You resist.
The electric eel shoots out a bolt of lightning at you!
The bolt of electricity hits you. You resist.
You closely miss the electric eel. You closely miss something.
Something hits you.
The electric eel shoots out a bolt of lightning at you!
The bolt of electricity hits you. You resist.
You die...

.P~..~P~~~~~..
).......~~~.P~P~~~~~....
..)....~.~~~P~~~~P~.....
~....~PP~P~~~~~P~P~..#.#
~~.~P~~~~~~~~~~~.~~..#.#
~~~~~~~~~~~~~~~.~...##.#
~~~~~~~SPPP~P~~.....##.#
P~~l)PS~.P~P.....+...... .
.....o)@~........#.####.
........{..........#.# #.
...#+###)..........#.# #.
#... #...........#.# #.
#..###....(......#.####.
#.....############...##.
###+##....##### ####.##.
...............## #....##.
..........####..###....##.


You could see an iguana, 2 electric eels and an orc priest.

Vanquished Creatures
  Sigmund (D:3)
  A black bear (D:6)
  An orc warrior (D:6)
  A phantom (D:6)
  A bullfrog (D:2)
  An electric eel (D:6)
  2 hounds (D:6)
  A sleepcap (D:6)
  2 orc wizards (D:6)
  An adder (D:3)
  An ufetubus (D:6)
  A worm (D:2)
  A dart slug (D:2)
  3 orcs
  6 ball pythons
  2 endoplasms (D:2)
  2 giant cockroaches (D:1)
  3 goblins
  5 hobgoblins
  2 jackals (D:3)
  A kobold (D:2)
  A quokka (D:3)
  4 frilled lizards
44 creatures vanquished.

Vanquished Creatures (others)
  An orc (D:6)
1 creature vanquished.

Grand Total: 45 creatures vanquished

Notes
Turn   | Place    | Note
-------+----------+-------------------------------------------
     0 | D:1      | qw the Gargoyle Fighter began the quest for the Orb.
     0 | D:1      | Reached XP level 1. HP: 14/14 MP: 1/1
     0 | D:1      | 0 ||| qw: Version: 0.3-a-9-g12657ce
     0 | D:1      | 0 ||| qw: Game counter: 1448
     0 | D:1      | 0 ||| qw: Always use a shield: true
     0 | D:1      | 0 ||| qw: God list: Okawaru
     0 | D:1      | 0 ||| qw: Allow faded altars: false
     0 | D:1      | 0 ||| qw: Do Orc after D:15 true
     0 | D:1      | 0 ||| qw: Do second Lair branch before Depths: true
     0 | D:1      | 0 ||| qw: Lair rune preference: random
     0 | D:1      | 0 ||| qw: Plans: Normal, Zot:1-4, Slime:5, God:TSO, Crypt,
                  | Tomb, Abyss, Pan, Hells, Win
     0 | D:1      | 0 ||| PLANNING D:1-11
    43 | D:1      | Reached skill level 2 in Axes
   211 | D:1      | Reached XP level 2. HP: 19/19 MP: 2/2
   643 | D:1      | 643 ||| READING scroll labelled UREPEG QAEPUM.
   644 | D:1      | 644 ||| READING 5 scrolls labelled URELOH PILIU.
   649 | D:1      | 649 ||| READING scroll labelled HIEDULL QEKLAY.
   840 | D:2      | Identified the ring of Ypinawat {rF- rN+ rCorr Slay+2}
   847 | D:2      | 847 ||| Stepping ~*~*~tactically~*~*~ (stealth).
   866 | D:2      | Found a faded altar of an unknown god.
   922 | D:2      | Found a broken altar of Ashenzari.
   937 | D:2      | Reached skill level 3 in Axes
  1080 | D:2      | Reached XP level 3. HP: 22/23 MP: 3/3
  1418 | D:2      | 1418 ||| UPGRADING to +0 pair of gloves.
  1423 | D:2      | 1423 ||| UPGRADING to ring of Ypinawat {rF- rN+ rCorr
                  | Slay+2}.
  1424 | D:2      | 1424 ||| READING scroll labelled MOTWUD XABLE.
  1465 | D:3      | Noticed a bullfrog
  1470 | D:3      | 1470 ||| STAIRDANCE
  1475 | D:2      | Killed a bullfrog
  1476 | D:2      | Reached skill level 4 in Axes
  1476 | D:2      | Reached XP level 4. HP: 24/28 MP: 4/4
  1580 | D:3      | 1580 ||| Stepping ~*~*~tactically~*~*~ (stealth).
  1774 | D:3      | Noticed Sigmund
  1782 | D:3      | HP: 6/28 [Sigmund/magic dart (3)]
  1783 | D:3      | 1783 ||| READING 4 scrolls of teleportation.
  1785 | D:3      | Killed Sigmund
  1786 | D:3      | Reached skill level 5 in Axes
  1786 | D:3      | Reached XP level 5. HP: 8/32 MP: 5/5
  1786 | D:3      | Reached XP level 6. HP: 10/37 MP: 6/6
  2018 | D:3      | Found a runed translucent door.
  2019 | D:3      | 2019 ||| DROPPING +0 club.
  2020 | D:3      | Noticed Crazy Yiuf
  3209 | D:4      | Noticed a water moccasin
  3209 | D:4      | You fall into a shaft and drop 3 floors!
  3215 | D:7      | 3215 ||| UPGRADING to +1 cloak.
  3220 | D:7      | 3220 ||| READING scroll labelled SOUTAG SEACW.
  3228 | D:6      | Noticed a black bear
  3242 | D:6      | Killed a black bear
  3243 | D:6      | Reached skill level 1 in Dodging
  3243 | D:6      | Reached XP level 7. HP: 37/43 MP: 7/7
  3280 | D:6      | Reached skill level 6 in Axes
  3482 | D:6      | 3482 ||| Stepping ~*~*~tactically~*~*~ (water).
  3492 | D:6      | Reached skill level 7 in Axes
  3493 | D:6      | HP: 7/43 [electric eel/bolt of electricity (5)]
  3494 | D:6      | 3494 ||| READING 3 scrolls of teleportation.
  3494 | D:6      | HP: 3/43 [electric eel/bolt of electricity (4)]
  3495 | D:6      | HP: 1/43 [something (2)]
  3495 | D:6      | Killed from afar by an electric eel

Levels and vault maps discovered:
D:1:      dpeg_arrival_leaves_temple_mockup, layout_loops_cross
D:2:      layout_loops_ring, hellmonk_ecumenical_altar_heavens_door,
          basic_altar, chequers_serial_rivers_small_a
D:3:      layout_loops_ring, uniq_sigmund, uniq_crazy_yiuf_cottage
D:4:      layout_basic, grunt_qazlal_sundering, minmay_temple_entry_butterflies,
          uniq_blork_the_orc, uniq_edmund, uniq_duvessa
D:6:      layout_basic, amethyst_overflow_temple_binary,
          biasface_ghost_orc_armoury, chequers_big_river
D:7:      layout_basic

Skill      XL: |  1  2  3  4  5  6  7 |
---------------+----------------------+-----
Axes           | 2 3 4 5 7 |  7.0
Fighting       | 4 |  4.1
Dodging        | 1 |  1.9
Armour         | |  3.2
Shields        | |  3.2

Action                     |  1- 3 |  4- 6 |  7- 9 || total
---------------------------+-------+-------+-------++-------
  Melee: War axe           |    49 |    42 |    41 ||   132
    Use: Scroll            |     4 |     2 |     1 ||     7
 Armour: Scale mail        |    20 |    38 |    17 ||    75
  Dodge: Dodged            |    12 |    22 |    27 ||    61
  Block: Buckler           |     7 |    11 |    10 ||    28

Table legend:
 A = Non-vault XP
 B = Vault XP
 C = Vault XP percentage of total XP
 D = Non-vault monster count
 E = Vault monster count
 F = Vault count percentage of total count
                 A         B        C        D         E       F
            +---------+---------+-------+---------+---------+-------
      Total |     790 |     247 |  23.8 |      43 |       1 |   2.3
            +---------+---------+-------+---------+---------+-------
        D:1 |      15 |       0 |   0.0 |       9 |       0 |   0.0
        D:2 |     112 |       0 |   0.0 |      12 |       0 |   0.0
        D:3 |      27 |     247 |  90.1 |       9 |       1 |  10.0
        D:4 |       3 |       0 |   0.0 |       1 |       0 |   0.0
        D:6 |     633 |       0 |   0.0 |      12 |       0 |   0.0
            +---------+---------+-------+---------+---------+-------
